 Dungeon Crawl Stone Soup version 0.27-a0-46-g34d46f0a3f (webtiles) character file.

Game seed: 5468090537684983083

574 Borgoz the Ducker (level 7, 0/49 HPs)
             Began as a Halfling Gladiator on Jan 7, 2021.
             Slain by an orc priest
             ... wielding a +0 mace
              (8 damage)
             ... on level 5 of the Dungeon.
             The game lasted 00:04:50 (5739 turns).

Borgoz the Ducker (Halfling Gladiator)              Turns: 5739, Time: 00:04:50

Health: 0/49       AC:  5    Str: 17    XL:     7   Next: 61%
Magic:  7/7        EV: 17    Int:  6    God:
Gold:   223        SH:  0    Dex: 16    Spells: 6/6 levels left

rFire    . . .     SeeInvis .   a - +0 long sword
rCold    . . .     Faith    .   (shield restricted)
rNeg     . . .     Spirit   .   b - +0 leather armour
rPois    .         Reflect  .   c - +0 helmet
rElec    .         Harm     .   (no cloak)
rCorr    .         Rampage  .   (no gloves)
Will     .....                  u - +0 pair of boots
Stlth    +.........             (no amulet)
HPRegen  0.16/turn              (no ring)
MPRegen  0.10/turn              (no ring)

@: flying
A: small, mutation resistance 1
a: no special abilities


You were on level 5 of the Dungeon.
You visited 1 branch of the dungeon, and saw 5 of its levels.

You collected 223 gold pieces.

Inventory:

Hand Weapons
 a - a +0 long sword (weapon)
Armour
 b - a +0 leather armour (worn)
 c - a +0 helmet (worn)
 u - a +0 pair of boots (worn)
Wands
 r - a wand of enslavement (12)
Scrolls
 f - 5 scrolls of teleportation
 g - 2 scrolls of fog {unknown}
 h - 3 scrolls of remove curse {unknown}
 i - 2 scrolls of magic mapping {unknown}
 l - a scroll of blinking {unknown}
 n - a scroll of amnesia {unknown}
 o - a scroll of fear {unknown}
 p - a scroll of immolation {unknown}
 q - 2 scrolls of enchant armour
 t - a scroll of random uselessness {unknown}
Potions
 d - a potion of degeneration {unknown}
 j - a potion of invisibility
 k - a potion of ambrosia {unknown}
 m - a potion of resistance


   Skills:
 * Level 4.7 Fighting
 + Level 4.4 Long Blades
 - Level 2.0 Throwing
 + Level 3.4 Armour
 + Level 5.0 Dodging


You had 6 spell levels left.
You didn't know any spells.
Your spell library was empty.

Dungeon Overview and Level Annotations

Branches:
Dungeon (5/15)
 Temple: D:4-7

Altars:
Ru


Innate Abilities, Weirdness & Mutations

You are small and have problems with some larger weapons.
You are somewhat resistant to further mutation.


Message History

You miss something. Something hits you.
You miss something.
An orc priest comes into view. It is wielding a +0 mace.
Something hits you but does no damage.
You barely miss something.
The orc priest shouts!
You hear some strange, mumbled words.
A puff of flame appears from out of thin air!
The puff of flame hits you.
You hit something but do no damage. Something barely misses you.
You hear some strange, mumbled words.
A magic dart appears from out of thin air!
The magic dart hits you!
You hit something. Something closely misses you.
You feel very buoyant.
You fly up into the air.
Something hits you.
* * * LOW HITPOINT WARNING * * *
You miss something. Something hits you.
* * * LOW HITPOINT WARNING * * *
You barely miss something. The orc priest hits you with a +0 mace!
You die...

### ######....+ ...
#....#.>..# ..#
#.##.#....#
#.###.##.#....####
......##.#......>######
.......#.#....##......#
#.####.#.###.#.#.$###.#
#.# .#...†...#..# #.#
#####.####@.# #.#
#....#{o# #.#
..##.#.... #.# ##..
#....# #.# ... #....#
#.# .#.# ##.#.# ..# .
.# .#.# ### #. .# ##.#


You could see an orc priest.

Vanquished Creatures
  A sky beast (D:5)
  An ogre (D:5)
  A scorpion (D:4)
  A howler monkey (D:4)
  A jelly (D:5)
  A bullfrog skeleton (D:5)
  An iguana (D:4)
  2 worker ants (D:4)
  4 gnolls
  4 adders
  An ufetubus (D:5)
  5 worms
  6 leopard geckos
  2 orcs (D:5)
  3 bats
  4 giant cockroaches
  8 goblins
  10 hobgoblins
  6 jackals
  9 kobolds
  A quokka (D:3)
  A ball python (D:1)
  5 frilled lizards
  7 rats
85 creatures vanquished.

Notes
Turn   | Place    | Note
-------+----------+-------------------------------------------
     0 | D:1      | Borgoz the Halfling Gladiator began the quest for the Orb.
     0 | D:1      | Reached XP level 1. HP: 14/14 MP: 1/1
   227 | D:1      | Reached XP level 2. HP: 15/19 MP: 2/2
  1200 | D:1      | Reached skill level 1 in Armour
  1200 | D:1      | Reached XP level 3. HP: 8/24 MP: 3/3
  1995 | D:2      | Reached XP level 4. HP: 29/30 MP: 4/4
  2357 | D:2      | Reached XP level 5. HP: 23/36 MP: 5/5
  2559 | D:2      | Reached skill level 4 in Dodging
  3653 | D:4      | Reached XP level 6. HP: 31/42 MP: 6/6
  4343 | D:4      | Found a sacrificial altar of Ru.
  4713 | D:5      | Entered Level 5 of the Dungeon
  4742 | D:5      | Noticed an ogre
  4754 | D:5      | Killed an ogre
  4755 | D:5      | Reached XP level 7. HP: 15/48 MP: 7/7
  5703 | D:5      | Reached skill level 5 in Dodging
  5739 | D:5      | Slain by an orc priest

Illustrated notes

Levels and vault maps discovered:
D:1:      dpeg_arrival_stone_temple_mockup, layout_basic
D:2:      layout_rooms, minmay_heptomino_o4
D:3:      layout_basic
D:4:      layout_rooms, nicolae_ru_the_path_less_chosen
D:5:      layout_basic, kennysheep_generic_room_12

Skill      XL: |  1  2  3  4  5  6  7 |
---------------+----------------------+-----
Fighting       | 2 3 4 |  4.7
Armour         | 1 2 3 |  3.4
Dodging        | 4 5 |  5.0
Long Blades    | 4 |  4.4
Throwing       | |  2.0

Action                   |  1- 3 |  4- 6 |  7- 9 || total
-------------------------+-------+-------+-------++-------
Melee: Long sword        |    95 |   152 |    55 ||   302
Throw: Throwing net      |     1 |     3 |       ||     4
  Use: Scroll            |       |     4 |     1 ||     5
       Potion            |       |     2 |     2 ||     4
 Stab: Held in net/web   |       |     1 |       ||     1
       Sleeping          |       |       |     1 ||     1
Armor: Leather armour    |    24 |    20 |    13 ||    57
Dodge: Dodged            |    86 |   148 |    37 ||   271
       Rpst.: Long sword |    38 |    45 |     6 ||    89

Table legend: (Time is in decaauts)
 A = Elapsed time spent in this place.
 B = Non-inter-level travel time spent in this place.
 C = Inter-level travel time spent in this place.
 D = Time resting spent in this place.
 E = Time spent auto-exploring this place.
 F = Levels seen in this place.
 G = Mean time per level.
                   A        B        C        D        E       F      G
               +--------+--------+--------+--------+--------+-----+--------+
         Total |   5809 |   5703 |    106 |   2290 |   2698 |   5 | 1161.8 |
       Dungeon |   5809 |   5703 |    106 |   2290 |   2698 |   5 | 1161.8 |
               +--------+--------+--------+--------+--------+-----+--------+

Top non-repeatable levels by time:
     D:1: 1801 daAuts
     D:3: 1132 daAuts
     D:4: 1106 daAuts
     D:5: 1037 daAuts
     D:2: 731 daAuts
